AoeStats
← Korni

Team Islands

503200683Analyzed
3v3 RM · 1mo ago on Aug 30, 2026· 82m 33s· 6 players
Game mode
Random Map
Map size
Large (8 player)
Population
200
Speed
Normal
Resources
Standard
Victory
Conquest
Starting age
Dark Age
Ending age
Imperial Age
RankedLock teamsTeams togetherTeam positionsShared explorationLock speedFull tech treeHidden civsTurbo modeCheats
Victory
Defeat
🇩🇪 Spanish · Germany
849
+14
🇩🇪 Vikings · Germany
800
+16
🇩🇪 Chinese · Germany
788
+17
🇵🇱 Vikings · Poland
880
-19
🇵🇱 Bohemians · Poland
843
-17
🇵🇱 Persians · Poland
689
-20
GangsterDominik
10:04 Feudal Age
12:15 Loom
17:02 Castle Age
16:32 Double-Bit Axe
18:48 Horse Collar
20:59 Wheelbarrow
21:11 Town Watch
21:58 Bow Saw
29:24 Imperial Age
28:33 Chemistry
28:15 Fervor
28:26 Sanctity
28:24 Hand Cart
29:54 Ballistics
31:11 Careening
31:15 Clinker Construction
31:17 Houfnice
34:39 Town Patrol
36:45 Conscription
36:31 Wagenburg Tactics
37:41 Two-Man Saw
36:43 Arrowslits
37:13 Scale Mail Armor
37:24 Forging
38:07 Pikeman
38:48 Squires
38:09 Man-at-Arms
39:26 Iron Casting
39:07 Chain Mail Armor
38:31 Elite Hussite Wagon
40:06 Elite Cannon Galleon
40:56 Long Swordsman
42:09 Plate Mail Armor
42:40 Blast Furnace
43:38 Two-Handed Swordsman
46:19 Champion
65:46 Caravan
ImperatorBoris
11:18 Feudal Age
14:25 Double-Bit Axe
14:26 Horse Collar
22:01 Castle Age
20:54 Forging
20:50 Scale Barding Armor
24:50 Chain Barding Armor
25:06 Iron Casting
24:31 Scale Mail Armor
26:48 Gold Mining
26:49 Stone Mining
27:12 Bow Saw
27:06 Heavy Plow
30:56 Imperial Age
29:41 Fervor
30:11 Medium Warships
31:50 Chain Mail Armor
32:11 Loom
32:12 Town Watch
33:08 Man-at-Arms
33:33 Gambesons
33:49 Squires
33:10 Pikeman
33:36 Arson
34:15 Elite Longship
35:22 Heavy Warships
48:46 Chieftains
48:46 Bogsveigar
48:07 Elite Berserk
49:11 Conscription
52:26 Plate Mail Armor
52:57 Blast Furnace
57:58 Crop Rotation
Jaca_0111
3:13 Loom
11:27 Feudal Age
18:04 Wheelbarrow
23:54 Castle Age
38:06 Imperial Age
36:47 Forging
36:44 Scale Barding Armor
36:41 Scale Mail Armor
36:44 Padded Archer Armor
36:36 Fletching
38:23 Hand Cart
41:37 Elite War Elephant
Pfost3n
13:09 Feudal Age
16:07 Fishing Lines
19:14 Castle Age
19:21 Double-Bit Axe
19:18 Horse Collar
23:53 Pikeman
29:27 Bow Saw
30:39 Forging
33:45 Scale Mail Armor
35:17 Medium Warships
34:57 Town Watch
35:53 Iron Casting
35:43 Heavy Plow
38:00 Careening
38:30 Chain Mail Armor
38:06 Fletching
38:18 Padded Archer Armor
50:02 Imperial Age
47:34 Bodkin Arrow
47:04 Man-at-Arms
48:46 Long Swordsman
50:15 Onager
51:29 Plate Mail Armor
52:00 Blast Furnace
51:09 Two-Handed Swordsman
57:40 Chemistry
57:28 Crop Rotation
57:34 Dry Dock
58:34 Elite Cannon Galleon
58:38 Elite Longship
60:40 Champion
61:13 Gambesons
72:48 Conscription
72:33 Chieftains
72:37 Bogsveigar
>MFP< SH4FT
1:11 Loom
11:20 Feudal Age
13:44 Double-Bit Axe
15:25 Town Watch
19:57 Castle Age
18:32 Horse Collar
18:53 Fletching
19:42 Fishing Lines
23:09 Gillnets
25:16 Bow Saw
25:38 Medium Warships
28:03 Gold Mining
28:03 Stone Mining
28:45 Squires
28:06 Pikeman
28:35 Arson
29:04 Forging
31:03 Wheelbarrow
36:50 Imperial Age
34:23 Heavy Plow
36:02 Bodkin Arrow
36:52 Iron Casting
37:15 Hand Cart
38:43 Heavy Warships
38:53 Heavy Warships
39:04 Conscription
38:05 Elite Conquistador
39:19 Ballistics
41:31 Hoardings
40:19 Halberdier
41:01 Scale Mail Armor
42:11 Two-Man Saw
45:46 Blast Furnace
45:02 Chain Mail Armor
44:49 Bracer
48:53 Plate Mail Armor
48:27 Bracer
48:28 Padded Archer Armor
55:57 Chemistry
57:54 Elite Cannon Galleon
Korni
13:55 Feudal Age
14:29 Double-Bit Axe
14:50 Fishing Lines
18:44 Castle Age
17:13 Horse Collar
19:38 Bow Saw
19:31 Heavy Plow
24:04 Gillnets
27:31 Loom
29:12 Careening
31:35 Ballistics
31:27 Clinker Construction
32:01 Medium Warships
32:45 Siphons
32:43 Padded Archer Armor
34:28 Wheelbarrow
36:14 Leather Archer Armor
36:17 Pikeman
38:19 Fletching
39:04 Hand Cart
38:57 Bodkin Arrow
41:23 Squires
41:39 Scale Mail Armor
41:49 Forging
44:36 Chain Mail Armor
44:57 Iron Casting
45:17 Arson
45:41 Scale Barding Armor
50:58 Imperial Age
48:15 Town Watch
48:53 Chain Barding Armor
52:14 Plate Mail Armor
52:44 Blast Furnace
51:45 Bracer
52:16 Ring Archer Armor
51:09 Halberdier
53:24 Chemistry
52:08 Light Cavalry
52:58 Bloodlines
55:43 Bombard Tower
59:00 Plate Barding Armor
57:55 Elite Chu Ko Nu
64:19 Rocketry
71:17 Heavy Rocket Cart
81:43 Town Patrol
82:11 Cavalier
82:52 Husbandry
Connection lost

Rejoining the realm…

Still unreachable

The connection could not be restored.

Session expired

The server has moved on; the page needs a fresh start.